 Dungeon Crawl Stone Soup version 0.27-a0-887-gcab673c142 (webtiles) character file.

Game seed: 18362303725935083051

6 leviel the Skirmisher (level 1, -2/14 HPs)
             Began as a Gargoyle Berserker on Apr 4, 2021.
             Was a Follower of Trog.
             Killed from afar by a dart slug (4 damage)
             ... with a slug dart
             ... on level 1 of the Dungeon.
             The game lasted 00:00:29 (87 turns).

leviel the Skirmisher (Gargoyle Berserker)            Turns: 87, Time: 00:00:29

Health: -2/14      AC:  5    Str: 20    XL:     1   Next: 90%
Magic:  1/1        EV:  7    Int:  7    God:    Trog [*.....]
Gold:   14         SH: 11    Dex:  9    Spells: 0/0 levels left

rFire    . . .     SeeInvis .   a - +0 mace
rCold    . . .     Faith    .   f - +0 tower shield
rNeg     + . .     Spirit   .   b - +0 animal skin
rPois    ∞         Reflect  .   (no helmet)
rElec    +         Harm     .   (no cloak)
rCorr    .         Rampage  .   c - +0 pair of gloves
Will     .....                  (no boots)
Stlth    +.........             (no amulet)
HPRegen  0.04/turn              (no ring)
MPRegen  0.07/turn              (no ring)

@: no status effects
A: AC +2, negative energy resistance 1, electricity resistance, torment
resistance 1, unbreathing 1, petrification resistance
a: Renounce Religion, Berserk


You were on level 1 of the Dungeon.
You worshipped Trog.
Trog was aware of your devotion.
You visited 1 branch of the dungeon, and saw 1 of its levels.

You collected 14 gold pieces.

Inventory:

Hand Weapons
 a - a +0 mace (weapon)
Armour
 b - a +0 animal skin (worn)
 c - a +0 pair of gloves (worn)
 f - a +0 tower shield (worn)
Scrolls
 e - a scroll of vulnerability {unknown}
Potions
 d - a potion of curing {unknown}


   Skills:
 + Level 3.4 Fighting
 + Level 3.0 Maces & Flails
 + Level 2.3 Armour
 + Level 1.7 Dodging


You couldn't memorise any spells.
You didn't know any spells.
Your spell library was empty.

Dungeon Overview and Level Annotations

Branches:
Dungeon (1/15)

Altars:


Innate Abilities, Weirdness & Mutations

Your stone body is resilient. (AC +2)
You are immune to poison.
You resist negative energy. (rN+)
You are resistant to electric shocks. (rElec)
You are resistant to unholy torment.
You can survive without breathing.
You are immune to petrification.


Message History

You block the ball python's attack. The ball python closely misses you.
You block the ball python's attack. x2
Found a spear.
You completely miss the ball python. You block the ball python's attack. x3
The ball python grabs you. The ball python constricts you.
The goblin hits you with a +0 dagger.
You hit the ball python.
The ball python is heavily wounded.
You block the ball python's attack. The ball python constricts you.
A ball python comes into view.
The goblin hits you with a +0 dagger. The ball python barely misses you.
The ball python constricts you.
You are too injured to fight recklessly!
You are too injured to fight recklessly!
You are too injured to fight recklessly!
You are too injured to fight recklessly!
There are monsters nearby!
There are monsters nearby!
You are too injured to fight recklessly!
Unknown command.
You are too injured to fight recklessly!
The ball python hisses angrily.
You hit the ball python.
You kill the ball python!
Trog accepts your kill. You block the goblin's attack.
The goblin hits you with a +0 dagger. The goblin hits you but does no damage.
You thump the ball python!
You kill the ball python!
Trog accepts your kill. You block the goblin's attack.
The goblin hits you but does no damage.
You closely miss the goblin.
A bat comes into view.
The goblin hits you with a +0 dagger.
* * * LOW HITPOINT WARNING * * *
You block the goblin's attack.
The bat moves out of view.
You closely miss the goblin. The goblin closely misses you.
The dart slug launches a dart at you. The slug dart hits you.
You die...

..### .. .... . .
...##^# ###. ......
..... ##....##
.....##......##
....).w.......##
......g@# ....
.....##.###..... ..#
###...#..... ..
######...........
......##.......##...##..
......#..#....$......!.#
.............#.........#
...≈§≈≈≈≈≈.............#
...≈.....≈..############


You could see a dart slug and a goblin.

Vanquished Creatures
  An endoplasm (D:1)
  A giant cockroach (D:1)
  4 ball pythons (D:1)
6 creatures vanquished.

Notes
Turn   | Place    | Note
-------+----------+-------------------------------------------
     0 | D:1      | leviel the Gargoyle Berserker began the quest for the Orb.
     0 | D:1      | Reached XP level 1. HP: 14/14 MP: 1/1
    87 | D:1      | Killed from afar by a dart slug

Illustrated notes

Levels and vault maps discovered:
D:1:      ebering_hopf_link, layout_rooms

Action                   || total
-------------------------++-------
Melee: Mace              ||    15
Armor: Animal skin       ||     5
Dodge: Dodged            ||     5
Block: Tower shield      ||    13

Table legend: (Time is in decaauts)
 A = Elapsed time spent in this place.
 B = Non-inter-level travel time spent in this place.
 C = Inter-level travel time spent in this place.
 D = Time resting spent in this place.
 E = Time spent auto-exploring this place.
 F = Levels seen in this place.
 G = Mean time per level.
                   A        B        C        D        E       F      G
               +--------+--------+--------+--------+--------+-----+--------+
         Total |     95 |     94 |      1 |      0 |     30 |   1 |   95.0 |
       Dungeon |     95 |     94 |      1 |      0 |     30 |   1 |   95.0 |
               +--------+--------+--------+--------+--------+-----+--------+

Top non-repeatable levels by time:
     D:1: 95 daAuts
